 Dungeon Crawl Stone Soup version 0.22-b1-26-g9dbaab1 (webtiles) character file.

12181 Lilu the Destroyer (level 11, -2/68 HPs)
             Began as a Deep Elf Conjurer on Aug 8, 2018.
             Was a High Priest of Vehumet.
             Slain by a manticore (7 damage)
             ... on level 11 of the Dungeon.
             The game lasted 01:05:49 (15604 turns).

Lilu the Destroyer (Deep Elf Conjurer)             Turns: 15604, Time: 01:05:50

Health: -2/68      AC:  8    Str:  7    XL:     11   Next: 59%
Magic:  12/27      EV: 13    Int: 26    God:    Vehumet [*****.]
Gold:   696        SH:  0    Dex: 15    Spells: 13/30 levels left

rFire    . . .     SeeInvis .   M - +5 spear "Ultimatum" {pierce, Int+4 Stlth+}
rCold    + . .     Gourm    +   (no shield)
rNeg     . . .     Faith    .   o - +2 leather armour of Lugonu's Condemnation {rC+ Regen+}
rPois    +         Spirit   .   F - +0 helmet
rElec    .         Reflect  .   a - +0 cloak
rCorr    .         Harm     .   e - +0 pair of gloves
MR       +....                  (no boots)
Stlth    ++++......             f - amulet of the gourmand
HPRegen  0.61/turn              b - ring of poison resistance
MPRegen  0.20/turn              R - ring of stealth

@: no status effects
A: no striking features
a: Renounce Religion


You were on level 11 of the Dungeon.
You worshipped Vehumet.
Vehumet was extremely pleased with you.
You were full.

You visited 2 branches of the dungeon, and saw 12 of its levels.
You also visited: Ossuary.

You collected 696 gold pieces.

Inventory:

Hand Weapons
 w - a +1 hunting sling of freezing
 I - a +1 dagger of venom
 M - the +5 spear "Ultimatum" (weapon) {pierce, Int+4 Stlth+}
   (You found it on level 7 of the Dungeon)

   It inflicts extra damage upon your enemies.
   It affects your intelligence (+4).
   It makes you more stealthy.
 O - a +1 shortbow of flaming
Missiles
 d - 250 stones (quivered)
 y - 40 sling bullets
 N - 44 arrows
Armour
 a - a +0 cloak (worn)
 e - a +0 pair of gloves (worn)
 o - the +2 leather armour of Lugonu's Condemnation (worn) {rC+ Regen+}
   (You found it on level 6 of the Dungeon)

   It protects you from cold.
   It increases your rate of regeneration.
 E - a +0 troll leather armour
 F - a +0 helmet (worn)
 G - a +1 robe of fire resistance
Jewellery
 b - a ring of poison resistance (left hand)
 f - an amulet of the gourmand (around neck)
 t - an uncursed ring of ice
 L - an uncursed amulet of rage
 R - a ring of stealth (right hand)
 S - an uncursed ring of positive energy
 U - an uncursed amulet of guardian spirit
Wands
 m - a wand of polymorph (10)
 Q - a wand of iceblast (19)
 T - a wand of flame (36)
Scrolls
 g - 2 scrolls of magic mapping {unknown}
 h - 4 scrolls of enchant weapon
 j - 2 scrolls of teleportation
 k - a scroll of random uselessness {unknown}
 n - 11 scrolls of remove curse
 q - 4 scrolls of blinking
 v - 5 scrolls of enchant armour
 B - 4 scrolls of fear
 H - a scroll of noise {unknown}
 P - a scroll of fog {unknown}
Potions
 i - 2 potions of brilliance
 l - a potion of mutation {unknown}
 p - 2 potions of cancellation
 s - a potion of heal wounds {unknown}
 x - 2 potions of lignification {unknown}
 z - 2 potions of magic {unknown}
 A - 2 potions of haste
 C - 6 potions of curing
 D - 2 potions of resistance {unknown}
 J - a potion of flight
 K - 3 potions of might {unknown}
Comestibles
 c - 23 rations


   Skills:
 - Level 8.0 Fighting
 * Level 3.4 Armour
 - Level 4.1 Dodging
 - Level 2.4 Stealth
 + Level 10.2 Spellcasting
 - Level 12.0 Conjurations
 - Level 4.0 Hexes
 - Level 8.0 Fire Magic


You had 13 spell levels left.
You knew the following spells:

 Your Spells              Type           Power        Failure   Level  Hunger
a - Magic Dart            Conj           ####         1%          1    None
b - Searing Ray           Conj           ######       1%          2    None
c - Iskenderun's Mystic   Conj           ######..     1%          4    None
d - Conjure Flame         Conj/Fire      ######..     1%          3    None
e - Fulminant Prism       Conj/Hex       ######....   1%          4    None
f - Mephitic Cloud        Conj/Pois/Air  ####....     1%          3    None

Your spell library contained the following spells:

 Spells                   Type           Power        Failure   Level  Hunger
 Slow                     Hex            ####....     1%          2    None
 Controlled Blink         Tloc           N/A          100%        8    #######
 Blink                    Tloc           N/A          10%         2    None
 Call Imp                 Summ           ##......     10%         2    None
 Stone Arrow              Conj/Erth      #####.       1%          3    None
 Passwall                 Tmut/Erth      ##......     10%         2    None
 Dispersal                Tloc           ##........   100%        6    #####..
 Lee's Rapid Deconstruct  Erth           ##........   41%         5    ####...
 Sandblast                Erth           ##....       1%          1    None
 Portal Projectile        Hex/Tloc       ###...       9%          3    None
 Petrify                  Tmut/Erth      ##......     54%         4    None
 Disjunction              Tloc           ##........   100%        8    #######
 Dazzling Spray           Conj/Hex       ######       1%          3    None
 Force Lance              Conj/Tloc      #####...     1%          4    None
 Gell's Gravitas          Tloc           ##........   21%         3    None


Dungeon Overview and Level Annotations

Branches:
Dungeon (11/15)            Temple (1/1) D:5            Lair (0/6) D:8
    Orc (0/2) D:9

Altars:
Ashenzari
Cheibriados
Dithmenos
Elyvilon
Gozag
Hepliaklqana
Kikubaaqudgha
Makhleb
Nemelex Xobeh
Okawaru
Ru
Sif Muna
Vehumet
Wu Jian
Xom
Yredelemnul
Zin
Beogh

Shops:
D:9 (

Annotations:
D:10 , 3 runed doors, WinstonMain's ghost, novice OgEE


Message History

Vehumet accepts your kill.
You feel your power returning.
The searing ray hits the manticore.
The manticore is almost dead.
You finish channeling your searing ray.
Casting: Searing Ray (safe; 1% risk of failure)
Confirm with . or Enter, or press ? or * to list all spells.
Aiming: Searing Ray (safe; 1% risk of failure)
Press: ? - help, Shift-Dir - straight line, f - manticore
Aim: a manticore (almost dead)
The searing ray hits the manticore.
The manticore is almost dead. (Press . to maintain the ray.)
The manticore misses you. The manticore claws you.
The manticore claws you but does no damage.
The searing ray hits the manticore.
The manticore is almost dead.
The manticore bites you!!
* * * LOW HITPOINT WARNING * * *
The manticore claws you!
You die...

#### .=#
#.# ##.###
#..H@#
..?...#####
####? #


You could see a manticore.

Vanquished Creatures
  Harold (D:7)
  A hydra (D:8)
  Erica (D:9)
  A two-headed ogre (D:10)
  An ugly thing (D:9)
  Psyche (D:9)
  2 trolls
  2 dream sheep (D:8)
  7 yaks (D:8)
  A basilisk (D:8)
  3 porcupines (D:8)
  Duvessa (D:5)
  2 orc warriors
  5 ice beasts
  2 phantoms
  2 black bears
  A hornet zombie (D:8)
  A sky beast (D:6)
  7 ogres
  A necrophage (D:9)
  3 centaurs (D:8)
  2 crocodiles (D:8)
  3 big kobolds (D:8)
  An elf zombie (D:9)
  6 bullfrogs
  Dowan (D:5)
  5 scorpions
  11 wights
  A troll zombie (D:9)
  15 killer bees
  8 howler monkeys
  8 crimson imps
  6 human zombies
  3 centaur zombies (Ossuary)
  6 hounds
  2 orc priests
  A gnoll shaman (D:8)
  2 bullfrog skeletons
  8 worker ants
  4 iguanas
  8 orc wizards
  3 big kobold zombies (Ossuary)
  An ogre zombie (D:9)
  2 hound zombies
  2 hound skeletons
  3 mummies (Ossuary)
  A worker ant zombie (D:9)
  3 gnolls (D:8)
  A howler monkey skeleton (D:8)
  8 adders
  2 oozes
  4 adder zombies
  An adder skeleton (D:4)
  6 worms
  3 dart slugs
  9 leopard geckos
  21 orcs
  2 ball pythons (D:2)
  3 bats (D:1)
  5 giant cockroaches
  A gnoll zombie (Ossuary)
  12 goblins
  6 hobgoblins
  10 jackals
  8 kobolds
  7 quokkas
  5 frilled lizards
  3 goblin zombies (Ossuary)
  6 hobgoblin zombies (Ossuary)
  3 jackal zombies (Ossuary)
  3 kobold zombies (Ossuary)
  A leopard gecko skeleton (D:7)
  3 orc zombies
  A quokka skeleton (D:5)
  A quokka zombie (Ossuary)
  8 rats
  4 rat zombies (Ossuary)
  2 fulminant prisms
  A fungus (D:8)
312 creatures vanquished.

Vanquished Creatures (others)
  14 fulminant prisms
  3 plants (D:8)
17 creatures vanquished.

Grand Total: 329 creatures vanquished

Notes
Turn   | Place    | Note
-------+----------+-------------------------------------------
     0 | D:1      | Lilu the Deep Elf Conjurer began the quest for the Orb.
     0 | D:1      | Reached XP level 1. HP: 10/10 MP: 6/6
   141 | D:1      | Reached XP level 2. HP: 15/15 MP: 2/8
   205 | D:1      | Reached skill level 5 in Conjurations
   686 | D:2      | Found an ornate altar of the Wu Jian Council.
   698 | D:2      | Reached XP level 3. HP: 19/19 MP: 2/9
   762 | D:2      | Found a sparkling altar of Nemelex Xobeh.
   862 | D:2      | Found a shattered altar of Ashenzari.
  1601 | D:3      | Reached skill level 6 in Conjurations
  1819 | D:3      | Reached XP level 4. HP: 24/24 MP: 10/10
  1823 | D:3      | Learned a level 2 spell: Searing Ray
  1828 | D:3      | Learned a level 4 spell: Iskenderun's Mystic Blast
  2969 | D:4      | Noticed a phantom
  2975 | D:4      | Reached skill level 7 in Conjurations
  2975 | D:4      | Reached XP level 5. HP: 17/28 MP: 3/11
  3119 | D:4      | Killed a phantom
  3345 | D:4      | Reached skill level 8 in Conjurations
  3361 | D:4      | Reached XP level 6. HP: 27/32 MP: 7/12
  3552 | D:4      | Noticed an ice beast
  3561 | D:4      | Killed an ice beast
  3561 | D:4      | Reached skill level 1 in Fighting
  3726 | D:4      | Found a white marble altar of Elyvilon.
  3730 | D:4      | Found a hazy altar of Hepliaklqana.
  3862 | D:4      | Found a snail-covered altar of Cheibriados.
  4151 | D:4      | You fall through a shaft!
  4151 | D:5      | Entered Level 5 of the Dungeon
  4151 | D:5      | Found a hazy altar of Hepliaklqana.
  4212 | D:5      | Reached XP level 7. HP: 41/41 MP: 5/13
  4921 | D:5      | Found a staircase to the Ecumenical Temple.
  4927 | Temple   | Entered the Ecumenical Temple
  4934 | Temple   | Became a worshipper of Vehumet
  5235 | D:5      | Noticed Duvessa
  5317 | D:5      | Killed Duvessa
  5662 | D:5      | Noticed Dowan
  5680 | D:5      | Killed Dowan
  5888 | D:5      | HP: 2/44 [worm (10)]
  6166 | D:5      | Reached skill level 5 in Fighting
  6400 | D:5      | Reached XP level 8. HP: 29/50 MP: 4/14
  6904 | D:6      | Got a pitted leather armour
  6977 | D:6      | Found a sand-covered staircase.
  7028 | Ossuary  | Entered an ossuary
  7048 | Ossuary  | Reached * piety under Vehumet
  7048 | Ossuary  | Offered knowledge of Sting by Vehumet.
  7463 | Ossuary  | Offered knowledge of Throw Frost by Vehumet.
  7559 | Ossuary  | Reached ** piety under Vehumet
  7705 | D:6      | Learned a level 3 spell: Conjure Flame
  8226 | D:6      | Reached XP level 9. HP: 59/59 MP: 2/17
  8356 | D:6      | Identified the +2 leather armour of Lugonu's Condemnation {rC+ Regen+} (You found it on level 6 of the Dungeon)
  8782 | D:7      | Reached skill level 5 in Spellcasting
  8806 | D:7      | Noticed Harold
  8852 | D:7      | Reached skill level 1 in Fire Magic
  9095 | D:7      | Got a pitted spear
  9101 | D:7      | Identified the +5 spear "Ultimatum" {pierce, Int+4 Stlth+} (You found it on level 7 of the Dungeon)
  9175 | D:7      | Offered knowledge of Inner Flame by Vehumet.
  9196 | D:7      | Reached skill level 9 in Conjurations
  9477 | D:7      | Killed Harold
  9477 | D:7      | Reached skill level 5 in Fire Magic
 10033 | D:8      | Found a staircase to the Lair.
 10042 | D:8      | Learned a level 4 spell: Fulminant Prism
 10044 | D:8      | Reached XP level 10. HP: 59/64 MP: 18/21
 10073 | D:8      | Reached skill level 1 in Hexes
 10081 | D:8      | Reached skill level 10 in Conjurations
 10088 | D:8      | Reached *** piety under Vehumet
 10678 | D:8      | Offered knowledge of Throw Icicle by Vehumet.
 10951 | D:8      | Reached skill level 11 in Conjurations
 11573 | D:8      | Noticed a three-headed hydra
 11585 | D:8      | Killed a three-headed hydra
 11585 | D:8      | Reached skill level 12 in Conjurations
 11585 | D:8      | Reached XP level 11. HP: 17/68 MP: 1/22
 11906 | D:8      | Found a deep blue altar of Sif Muna.
 12019 | D:9      | Reached **** piety under Vehumet
 12403 | D:9      | Offered knowledge of Lightning Bolt by Vehumet.
 12404 | D:9      | Noticed Psyche
 12411 | D:9      | Killed Psyche
 12619 | D:9      | Noticed Erica
 12725 | D:9      | Found Ynudd's Weapon Shop.
 12762 | D:9      | Found a staircase to the Orcish Mines.
 13258 | D:9      | Found a basalt altar of Yredelemnul.
 13406 | D:9      | Found a burning altar of Makhleb.
 13406 | D:9      | Found an ancient bone altar of Kikubaaqudgha.
 13446 | D:9      | Found a shimmering altar of Xom.
 13448 | D:9      | Found a shadowy altar of Dithmenos.
 13449 | D:9      | Found an opulent altar of Gozag.
 13449 | D:9      | Noticed a green ugly thing
 13456 | D:9      | Killed a green ugly thing
 13721 | D:9      | Learned a level 3 spell: Mephitic Cloud
 13737 | D:9      | Killed Erica
 13737 | D:9      | Reached skill level 1 in Armour
 13872 | D:10     | Entered Level 10 of the Dungeon
 13891 | D:10     | Found a transporter.
 14236 | D:10     | Found a runed gate.
 14236 | D:10     | Found a runed gate.
 14237 | D:10     | Found a runed gate.
 14238 | D:10     | Noticed WinstonMain's ghost (novice OgEE)
 15453 | D:10     | Noticed a two-headed ogre
 15453 | D:10     | Found a roughly hewn altar of Beogh.
 15465 | D:10     | Noticed an orc high priest
 15466 | D:10     | Killed a two-headed ogre
 15466 | D:10     | Reached skill level 10 in Spellcasting
 15474 | D:10     | HP: 2/68 [cyclops/large rock (23)]
 15476 | D:10     | Reached ***** piety under Vehumet
 15476 | D:10     | Offered knowledge of Olgreb's Toxic Radiance by Vehumet.
 15604 | D:11     | Slain by a manticore

Skill      XL: |  1  2  3  4  5  6  7  8  9 10 11 |
---------------+----------------------------------+-----
Conjurations   | 5 6 7 8 9 12 | 12.0
Fighting       | 3 5 7 8 |  8.0
Dodging        | 3 4 |  4.1
Spellcasting   | 4 6 10 | 10.2
Fire Magic     | 5 8 |  8.0
Hexes          | 4 |  4.0
Armour         | 3 |  3.4
Stealth        | |  2.4

Action                   |  1- 3 |  4- 6 |  7- 9 | 10-12 || total
-------------------------+-------+-------+-------+-------++-------
Melee: Dagger            |    71 |    26 |    50 |       ||   147
       Spear             |       |       |    52 |   268 ||   320
 Fire: Hunting sling     |       |   105 |   132 |       ||   237
Throw: Stone             |       |       |     8 |     2 ||    10
 Cast: Magic Dart        |    35 |    18 |    25 |    22 ||   100
       Searing Ray       |       |    23 |    64 |    40 ||   127
       Iskenderun's Myst |       |       |     3 |    40 ||    43
       Conjure Flame     |       |       |    13 |    25 ||    38
       Fulminant Prism   |       |       |       |    16 ||    16
       Mephitic Cloud    |       |       |       |     3 ||     3
  Use: Potion            |       |     4 |       |     1 ||     5
       Scroll            |       |       |     1 |     7 ||     8
 Stab: Sleeping          |     3 |       |     2 |     5 ||    10
       Distracted        |       |       |       |     1 ||     1
  Eat: Chunk             |    21 |     8 |    19 |    21 ||    69
Armor: Robe              |    10 |    27 |    37 |    36 ||   110
       Leather armour    |       |       |       |     4 ||     4
Dodge: Dodged            |    42 |    73 |    98 |   139 ||   352
